 Dungeon Crawl Stone Soup version 0.27.1-33-g824d729ab1 (webtiles) character file.

Game seed: 10523440150452872390

564 Labrat the Magician (level 7, -9/54 HPs)
             Began as a Human Hedge Wizard on Dec 29, 2021.
             Asphyxiated
             ... on level 5 of the Dungeon.
             The game lasted 00:28:52 (7343 turns).

Labrat the Magician (Human Hedge Wizard)            Turns: 7343, Time: 00:28:53

Health: -9/54      AC:  3    Str: 10    XL:     7   Next: 58%
Magic:  14/14      EV: 12    Int: 16    God:
Gold:   134        SH:  0    Dex: 13    Spells: 11/16 levels left

rFire    . . .     SeeInvis .   x - +0 spear
rCold    . . .     Faith    .   (no shield)
rNeg     . . .     Spirit   .   b - +0 robe
rPois    .         Reflect  .   c - +0 hat
rElec    .         Harm     .   n - +0 cloak
rCorr    .         Rampage  .   (no gloves)
Will     .....                  (no boots)
Stlth    ++........             k - amulet of magic regeneration
HPRegen  0.18/turn              (no ring)
MPRegen  0.39/turn              (no ring)

@: lethally poisoned (-9 -> -21), slowed, studying Maces & Flails, very slow
A: no striking features
a: no special abilities


You were on level 5 of the Dungeon.
You visited 1 branch of the dungeon, and saw 5 of its levels.

You collected 134 gold pieces.

Inventory:

Hand Weapons
 x - a +0 spear (weapon)
Missiles
 a - 6 javelins
 p - 10 poisoned darts
Armour
 b - a +0 robe (worn)
 c - a +0 hat (worn)
 n - a +0 cloak (worn)
Jewellery
 k - an amulet of magic regeneration (around neck)
Wands
 m - a wand of paralysis (12)
Scrolls
 e - 2 scrolls of teleportation {unknown}
 h - a scroll of blinking {unknown}
 j - 2 scrolls of identify {unknown}
 l - 2 scrolls of fear {unknown}
 o - a scroll of torment {unknown}
 r - a scroll of noise {unknown}
 s - a scroll of immolation {unknown}
 t - a scroll of brand weapon {unknown}
 w - a scroll of vulnerability {unknown}
Potions
 d - 2 potions of haste {unknown}
 f - a potion of brilliance {unknown}
 g - a potion of attraction {unknown}
 i - 3 potions of curing
 q - 2 potions of flight {unknown}
 u - a potion of lignification {unknown}
 v - 2 potions of degeneration {unknown}


   Skills:
 + Level 4.1 Fighting
 - Level 2.0 Dodging
 - Level 2.0 Stealth
 + Level 5.0 Spellcasting
 + Level 4.3 Conjurations
 - Level 1.0 Summonings
 - Level 1.0 Translocations


You had 11 spell levels left.
You knew the following spells:

 Your Spells              Type           Power      Damage    Failure   Level
a - Magic Dart            Conj           68%        1d6       2%          1
b - Blink                 Tloc           N/A        N/A       16%         2
c - Call Imp              Summ           7%         N/A       16%         2

Your spell library contained the following spells:

 Spells                   Type           Power      Damage    Failure   Level
 Searing Ray              Conj           34%        3d4       4%          2
 Conjure Flame            Conj/Fire      10%        6-21      19%         3
 Slow                     Hex            4%         N/A       22%         2
 Mephitic Cloud           Conj/Pois/Air  8%         N/A       26%         3
 Ozocubu's Armour         Ice            4%         N/A       41%         3
 Fulminant Prism          Conj/Hex       5%         3d7       52%         4
 Ozocubu's Refrigeration  Ice            2%         4d5       100%        7


Dungeon Overview and Level Annotations

Branches:
Dungeon (5/15)
 Temple: D:4-7

Altars:
Cheibriados

Shops:
D:1 =   D:3 [   D:4 (:(([

Annotations:
D:3 Ijyb


Message History

You barely miss the kobold brigand.
The kobold brigand is almost dead.
The kobold brigand hits you with a +0 short sword.
* * * LOW HITPOINT WARNING * * *
Your crimson imp closely misses the kobold brigand.
Unknown command.
You closely miss the kobold brigand.
The kobold brigand is almost dead.
The kobold brigand misses you.
Your crimson imp hits the kobold brigand but does no damage.
You hit the kobold brigand.
The kobold brigand is almost dead.
The kobold brigand hits you with a +0 short sword.
* * * LOW HITPOINT WARNING * * *
Your crimson imp hits the kobold brigand but does no damage.
The kobold brigand hits your crimson imp with a +0 short sword.
Unknown command.
Your crimson imp barely misses the kobold brigand.
The kobold brigand hits your crimson imp with a +0 short sword!
Reach: x) +0 spear
Press: ? - help, Dir - move target, f/p - kobold brigand
Aim: a kobold brigand, wielding a +0 short sword and quivering curare-tipped darts (almost dead, ally target, about 45% to evade your +0 spear)
You reach to attack!
You hit the kobold brigand but do no damage.
The kobold brigand is almost dead.
Your crimson imp disappears in a puff of smoke!
You see here a +0 whip.
The kobold brigand throws a curare-tipped dart.
The curare-tipped dart hits you.
You are poisoned.
You have difficulty breathing.
* * * LOW HITPOINT WARNING * * *
You feel yourself slow down.
* * * LOW HITPOINT WARNING * * *
You feel very sick.
The kobold brigand throws a curare-tipped dart.
The curare-tipped dart hits you.
You are more poisoned.
You have difficulty breathing.
You die...

######
#...##...#.......
<....#
#.#.....)..#
####.#
#...##..)#.##
#.##
##.####.##5..
#.##.
...##.##.###
#.##.# #.#.K.#.#
#)# ... #...)...#
#.# #.###.#...#.#
#.# #.....##@##.#
#.# ###.####.# #
#.#####.......#
#.....#..######
#####....# #...##
#...# #...# .....


You could see a kobold brigand.

Vanquished Creatures
  A necrophage (D:1)
  A bullfrog (D:4)
  A jelly (D:5)
  An orc priest (D:5)
  3 hounds (D:4)
  An orc wizard (D:5)
  A hound skeleton (D:4)
  9 gnolls
  4 adders
  A worm (D:4)
  3 dart slugs (D:1)
  6 orcs
  3 endoplasms
  3 giant cockroaches
  4 goblins
  9 hobgoblins
  2 jackals (D:2)
  5 kobolds
  3 quokkas
  5 ball pythons
  8 bats
  2 frilled lizards
  4 rats
80 creatures vanquished.

Vanquished Creatures (collateral kills)
  Blork the orc (D:4)
  A scorpion (D:4)
  A gnoll (D:3)
  A kobold (D:5)
4 creatures vanquished.

Grand Total: 84 creatures vanquished

Notes
Turn   | Place    | Note
-------+----------+-------------------------------------------
     0 | D:1      | Labrat the Human Hedge Wizard began the quest for the Orb.
     0 | D:1      | Reached XP level 1. HP: 13/13 MP: 4/4
   105 | D:1      | Found Ysahes's Jewellery Boutique.
   231 | D:1      | Reached XP level 2. HP: 11/20 MP: 4/6
   549 | D:1      | Learned a level 2 spell: Blink
   637 | D:1      | Reached skill level 1 in Fighting
  1059 | D:1      | You fall into a shaft and drop 1 floor!
  1064 | D:2      | Reached XP level 3. HP: 26/26 MP: 5/7
  1644 | D:2      | Found a faded altar of an unknown god.
  1947 | D:2      | Noticed a necrophage
  2368 | D:3      | Learned a level 2 spell: Call Imp
  2432 | D:3      | Noticed Ijyb
  2550 | D:3      | Found Wuedaudd's Armour Shop.
  2769 | D:3      | Reached XP level 4. HP: 32/32 MP: 3/9
  3501 | D:4      | Found a snail-covered altar of Cheibriados.
  3615 | D:4      | Found Siaranol's Weapon Shop.
  3637 | D:4      | Reached XP level 5. HP: 22/38 MP: 0/10
  3794 | D:4      | Reached skill level 4 in Spellcasting
  3878 | D:4      | Found Hiungamu's Book Shoppe.
  3907 | D:4      | Noticed a bullfrog
  3925 | D:4      | Found Sejucs's Weapon Boutique.
  4165 | D:4      | Noticed Blork the orc
  4180 | D:4      | Found Riraz's Antique Armour Shop.
  4250 | D:4      | Reached XP level 6. HP: 37/46 MP: 12/12
  4251 | D:4      | Found Kiabar's Antique Weapon Shop.
  5819 | D:5      | Entered Level 5 of the Dungeon
  6454 | D:1      | Killed a necrophage
  6565 | D:4      | Reached XP level 7. HP: 52/52 MP: 10/14
  6750 | D:4      | Killed Blork the orc
  7258 | D:5      | Reached skill level 5 in Spellcasting
  7343 | D:5      | Asphyxiated

Illustrated notes

Levels and vault maps discovered:
D:1:      eino_arrival_tree_alley, layout_basic, serial_shops, shop,
          nrook_loot_triangle
D:2:      layout_loops_ring, hellmonk_ecumenical_altar_dog_temple
D:3:      layout_loops_corners, serial_shops, nicolae_shop_waterfront,
          dk_noncrumbling_2, kennysheep_decorative_pillar, uniq_ijyb
D:4:      layout_gridville, chei_slow_surprise, serial_shops, shop,
          kennysheep_mini_moat, nicolae_square_shop, shop, nicolae_shop_trees,
          minmay_strange_pillars, kennysheep_generic_room_2, uniq_blork_the_orc
D:5:      layout_loops_ring

Skill      XL: |  1  2  3  4  5  6  7 |
---------------+----------------------+-----
Fighting       | 1 2 3 4 |  4.1
Conjurations   | 2 3 4 |  4.3
Spellcasting   | 4 5 |  5.0
Dodging        | |  2.0
Stealth        | |  2.0
Summonings     | |  1.0
Translocations | |  1.0

Action                   |  1- 3 |  4- 6 |  7- 9 || total
-------------------------+-------+-------+-------++-------
Melee: Dagger            |    48 |    39 |       ||    87
       Spear             |       |    22 |    50 ||    72
Throw: Dart              |       |    10 |       ||    10
 Cast: Magic Dart        |    95 |   156 |    33 ||   284
       Blink             |       |    11 |     1 ||    12
       Call Imp          |       |    10 |     5 ||    15
  Use: Potion            |       |     1 |       ||     1
 Stab: Sleeping          |     2 |     1 |     1 ||     4
       Distracted        |       |     1 |       ||     1
Armor: Robe              |    14 |    23 |     1 ||    38
Dodge: Dodged            |    34 |    80 |    35 ||   149
